 Dungeon Crawl Stone Soup version 0.29-a0-1027-gcd8c55af63 (webtiles) character file.

Game seed: 13701733678683779283

10 Manisian the Sneak (level 2, -1/13 HPs)
             Began as a Spriggan Enchanter on Aug 13, 2022.
             Slain by a kobold
             ... wielding a +2 short sword of venom
              (4 damage)
             ... on level 1 of the Dungeon.
             The game lasted 00:01:11 (683 turns).

Manisian the Sneak (Spriggan Enchanter)              Turns: 683, Time: 00:01:12

Health: -1/13      AC:  2    Str:  4    XL:     2   Next: 10%
Magic:  4/6        EV: 17    Int: 16    God:
Gold:   20         SH:  0    Dex: 15    Spells: 4/6 levels left

rFire   . . .      SeeInvis +   a - +1 dagger
rCold   . . .      Faith    .   (no shield)
rNeg    . . .      Spirit   .   b - +0 robe
rPois   .          Reflect  .   (helmet restricted)
rElec   .          Harm     .   (no cloak)
rCorr   .          Rampage  .   (gloves unavailable)
Will    .....                   (boots unavailable)
Stlth   +++.......              (no amulet)
HPRegen 0.04/turn               (no ring)
MPRegen 0.10/turn               (no ring)

@: lethally poisoned (-1 -> -9), very quick
A: very small, no large weapons, unfitting armour, see invisible, speed 3
a: no special abilities


You were on level 1 of the Dungeon.
You visited 1 branch of the dungeon, and saw 1 of its levels.

You collected 20 gold pieces.

Inventory:

Hand Weapons
 a - a +1 dagger (weapon)
Armour
 b - a +0 robe (worn)
Potions
 c - 2 potions of invisibility


   Skills:
 + Level 1.4 Short Blades
 + Level 2.7 Dodging
 + Level 4.9 Stealth
 + Level 2.9 Spellcasting
 + Level 3.7 Hexes


You had 4 spell levels left.
You knew the following spells:

 Your Spells              Type           Power      Damage    Failure   Level
a - Ensorcelled Hibernat  Hex/Ice        16%        N/A       13%         2

Your spell library contained the following spells:

 Spells                   Type           Power      Damage    Failure   Level
 Confusing Touch          Hex            14%        N/A       12%         3
 Tukima's Dance           Hex            14%        N/A       12%         3
 Dazzling Flash           Conj/Hex       16%        N/A       26%         3


Dungeon Overview and Level Annotations

Branches:
Dungeon (1/15)

Altars:


Innate Abilities, Weirdness & Mutations

You are very small and have problems with some larger weapons.
You are too small for most types of armour.
You have supernaturally acute eyesight. (SInv)
You cover ground extremely quickly. (Speed+++)


Message History

You kill the ball python!
You start resting.
HP restored.
Magic restored.
A quokka comes into view.
Found 6 gold pieces.
Casting: Ensorcelled Hibernation (safe; 14% risk of failure)
Confirm with . or Enter, or press ? or * to list all spells.
Aiming: Ensorcelled Hibernation (safe; 14% risk of failure)
Press: ? - help, Shift-Dir - straight line, f - quokka
Aim: a quokka (chance to affect: 59%)
The quokka resists with significant effort.
Casting: Ensorcelled Hibernation (safe; 14% risk of failure)
Confirm with . or Enter, or press ? or * to list all spells.
Aiming: Ensorcelled Hibernation (safe; 14% risk of failure)
Press: ? - help, Shift-Dir - straight line, f/p - quokka
Aim: a quokka (chance to affect: 59%)
The quokka looks drowsy...
The helpless quokka fails to defend itself.
You impale the quokka!!
You kill the quokka!
You start resting.
Magic restored.
A kobold comes into view.
It is wielding a +2 short sword of venom.
You see here 6 gold pieces.
The kobold hits you with a +2 short sword of venom.
You are lethally poisoned!
You closely miss the kobold.
You feel very sick. The kobold closely misses you.
Casting: Ensorcelled Hibernation (safe; 13% risk of failure)
Confirm with . or Enter, or press ? or * to list all spells.
Aiming: Ensorcelled Hibernation (safe; 13% risk of failure)
Press: ? - help, Shift-Dir - straight line, f - kobold
Aim: a kobold, wielding a +2 short sword of venom (chance to affect: 59%)
The kobold resists with significant effort.
* * * LOW HITPOINT WARNING * * *
You feel sick.
The kobold hits you with a +2 short sword of venom.
You die...

#.......####
#..# ...
#....####
##.######
#....#
#....[...
#....#
#.....###
#....#
#.....# #
#....#
#.....# #
#...$#
#.....# #
#....#
####### #
#...@# #
#....K......
#
##..........
#..........
#..........
#.........§
#........§§
#........≈≈


You could see a kobold.

Vanquished Creatures
  2 giant cockroaches (D:1)
  2 quokkas (D:1)
  3 ball pythons (D:1)
  3 rats (D:1)
10 creatures vanquished.

Notes
Turn   | Place    | Note
-------+----------+-------------------------------------------
     0 | D:1      | Manisian the Spriggan Enchanter began the quest for the
                  | Orb.
     0 | D:1      | Reached XP level 1. HP: 9/9 MP: 5/5
   561 | D:1      | Reached XP level 2. HP: 13/13 MP: 6/6
   565 | D:1      | Learned a level 2 spell: Ensorcelled Hibernation
   683 | D:1      | Slain by a kobold

Illustrated notes

Levels and vault maps discovered:
D:1:      nicolae_arrival_somewhat_less_tricky_arrival, layout_basic,
          serial_bayou_pond_a, grunt_decor_junction

Action                   || total
-------------------------++-------
Melee: Dagger            ||    37
Throw: Stone             ||     1
 Cast: Ensorcelled Hiber ||     6
 Stab: Sleeping          ||     3
Dodge: Dodged            ||    29

Table legend: (Time is in decaauts)
 A = Elapsed time spent in this place.
 B = Non-inter-level travel time spent in this place.
 C = Inter-level travel time spent in this place.
 D = Time resting spent in this place.
 E = Time spent auto-exploring this place.
 F = Levels seen in this place.
 G = Mean time per level.
                   A        B        C        D        E       F      G
               +--------+--------+--------+--------+--------+-----+--------+
         Total |    538 |    530 |      8 |    209 |    212 |   1 |  538.0 |
       Dungeon |    538 |    530 |      8 |    209 |    212 |   1 |  538.0 |
               +--------+--------+--------+--------+--------+-----+--------+

Top non-repeatable levels by time:
     D:1: 538 daAuts
